3AAA
GRYFINDOR BRAVES @ CORPUS CHRISTI TWINS
08/21/2017
 
TOP OF THE 1ST
Gryfindor Braves batting - Pitching for Corpus Christi Twins : RHP Tim Stark
Pitching: RHP Tim Stark
Batting: RHB Jim Unknown 0-0: Swinging Strike
0-1: SINGLE (Line Drive, 89S)
Batting: RHB Jim Unknown 0-0: Called Strike
0-1: Foul Ball, location: 2F
0-2: Strikes out swinging
Batting: RHB Manuel González 0-0: Foul Ball, location: 2F
0-1: Ball
1-1: Ball
2-1: Ball
3-1: Called Strike
3-2: Fly out, F8 (Line Drive, 8RM)
Batting: RHB Jim Unknown 0-0: Foul Ball, location: 2F
0-1: Swinging Strike
0-2: DOUBLE (Line Drive, 5L)
Jim Unknown to third
Runner from 3rd tries for Home, SAFE, no throw or cutoff
Batting: RHB Kyle Wilson 0-0: SINGLE (Line Drive, 34D)
Jim Unknown to third
Batting: LHB Jim Unknown 0-0: Ball
1-0: Foul Ball, location: 2F
1-1: Called Strike
1-2: Foul Ball, location: 2F
1-2: Fly out, F7 (Flyball, 7M)
Top of the 1st over - 1 run(s), 3 hit(s), 0 error(s), 2 left on base; Gryfindor 1 - Corpus Christi 0
BOTTOM OF THE 1ST
Corpus Christi Twins batting - Pitching for Gryfindor Braves : RHP Max Moore
Pitching: RHP Max Moore
Batting: RHB John Howell 0-0: Ball
1-0: Ball
2-0: Foul Ball, location: 2F
2-1: Ball
3-1: SINGLE (Groundball, 6M) (infield hit)
Batting: RHB Denis Taylor 0-0: Called Strike
0-1: SINGLE (Line Drive, 34)
John Howell to second
Runner from 2nd tries for 3rd, SAFE, no throw or cutoff
Batting: RHB António Alvarado 0-0: Swinging Strike
0-1: Ball
1-1: Ball
2-1: Ball
3-1: DOUBLE (Groundball, 5L)
John Howell scores
Denis Taylor to third
Batting: LHB Juan Durán 0-0: Foul Ball, location: 2F
0-1: SINGLE (Groundball, 34D)
Denis Taylor scores
António Alvarado to third
Batting: RHB Wilbur Harris 0-0: Called Strike
0-1: Ball
1-1: Fly out, F7 (Flyball, 78S)
Batting: LHB Shane Paisley 0-0: Ball
1-0: Ball
2-0: Ball
3-0: Base on Balls
Juan Durán to second
Batting: RHB Otso Tuulari 0-0: Ball
1-0: SINGLE (Groundball, 56)
António Alvarado scores
Juan Durán to third
Shane Paisley to second
Runner from 3rd tries for Home, SAFE, no throw or cutoff
Batting: RHB Chad Graham 0-0: Ball
1-0: Ball
2-0: Ball
3-0: Called Strike
3-1: Called Strike
3-2: Foul Ball, location: 2F
3-2: Foul Ball, location: 2F
3-2: DOUBLE (Line Drive, 7LD)
Shane Paisley scores
Otso Tuulari to third
Pitching: RHP Sandro So Payo
Batting: RHB Martín González 0-0: Ground out U3 (Groundball, 3S)
Batting: RHB John Howell 0-0: Ball
1-0: Foul Ball, location: 2F
1-1: Called Strike
1-2: Ball
2-2: Foul Ball, location: 2F
2-2: Ground out 6-3 (Groundball, 6)
Bottom of the 1st over - 5 run(s), 6 hit(s), 0 error(s), 2 left on base; Gryfindor 1 - Corpus Christi 5
TOP OF THE 2ND
Gryfindor Braves batting - Pitching for Corpus Christi Twins : RHP Tim Stark
Batting: RHB José Casarreal 0-0: Ball
1-0: Foul Ball, location: 2F
1-1: Fly out, F9 (Flyball, 89M)
Batting: RHB Jim Unknown 0-0: Called Strike
0-1: Ball
1-1: SINGLE (Line Drive, 89S)
Batting: RHB Jim Unknown 0-0: Ball
1-0: Fly out, F9 (Popup, 9S)
Batting: RHB Jim Unknown 0-0: SINGLE (Flyball, 9LS)
Jim Unknown to second
Runner from 2nd tries for 3rd, SAFE, throw made to third
Jim Unknown to second
Batting: RHB Jim Unknown 0-0: Ball
1-0: Ground out 1-3 (Groundball, 15)
Top of the 2nd over - 0 run(s), 2 hit(s), 0 error(s), 2 left on base; Gryfindor 1 - Corpus Christi 5
BOTTOM OF THE 2ND
Corpus Christi Twins batting - Pitching for Gryfindor Braves : RHP Sandro So Payo
Batting: RHB Denis Taylor 0-0: Foul Ball, location: 2F
0-1: Hit by Pitch
Pinch Runner at 1st Danny Scanlan:
Batting: RHB António Alvarado 0-0: Ball
1-0: Ball
Danny Scanlan is caught stealing 2nd base
2-0: Ground out 4-3 (Groundball, 4M)
Batting: LHB Juan Durán 0-0: Ball
1-0: Ball
2-0: Called Strike
2-1: Ball
3-1: Base on Balls
Batting: RHB Wilbur Harris 0-0: Ball
1-0: Ball
2-0: Called Strike
2-1: Foul Ball, location: 2F
2-2: Ball
3-2: Base on Balls
Juan Durán to second
Batting: LHB Shane Paisley 0-0: Foul Ball, location: 2F
0-1: Ball
1-1: Called Strike
1-2: Strikes out swinging
Bottom of the 2nd over - 0 run(s), 0 hit(s), 0 error(s), 2 left on base; Gryfindor 1 - Corpus Christi 5
TOP OF THE 3RD
Gryfindor Braves batting - Pitching for Corpus Christi Twins : RHP Tim Stark
Now at 2B: Danny Scanlan
Batting: RHB Manuel González 0-0: Ball
1-0: Ball
2-0: Called Strike
2-1: Foul Ball, location: 2F
2-2: Ball
3-2: Foul Ball, location: 2F
3-2: DOUBLE (Flyball, 89M)
Batting: RHB Jim Unknown 0-0: Ball
1-0: SINGLE (Line Drive, 78S)
Manuel González to third
Batting: RHB Kyle Wilson 0-0: Ball
1-0: 3-RUN HOME RUN (Flyball, 8RXD), Distance : 439 ft
Batting: LHB Jim Unknown 0-0: Ball
1-0: DOUBLE (Flyball, 89D)
Batting: RHB José Casarreal 0-0: Ball
1-0: Swinging Strike
1-1: Ball
2-1: Ball
3-1: Base on Balls
Batting: RHB Jim Unknown 0-0: Called Strike
0-1: Foul Ball, location: 2F
0-2: Ball
1-2: Ball
2-2: Ball
3-2: Foul Ball, location: 2F
3-2: Foul Ball, location: 2F
3-2: Base on Balls
Jim Unknown to third
José Casarreal to second
Batting: RHB Jim Unknown 0-0: Ball
1-0: Foul Ball, location: 2F
1-1: Foul Ball, location: 2F
1-2: Foul Ball, location: 2F
1-2: Foul Ball, location: 2F
1-2: Strikes out looking
Batting: RHB Jim Unknown 0-0: Ball
1-0: SINGLE (Flyball, 78S)
Jim Unknown scores
José Casarreal to third
Jim Unknown to second
Batting: RHB Jim Unknown 0-0: Foul Ball, location: 2F
0-1: SINGLE (Flyball, 9S)
José Casarreal scores
Jim Unknown to third
Jim Unknown to second
Runner from 3rd tries for Home, SAFE, throw made home
Pitching: RHP Charlie Hall
Batting: RHB Manuel González 0-0: Called Strike
0-1: Swinging Strike
0-2: Ball
1-2: Ball
2-2: Ball
3-2: Foul Ball, location: 2F
3-2: Foul Ball, location: 2F
3-2: Fielders Choice at 2nd, 1-6 (Groundball, 23)
Jim Unknown to third
Batting: RHB Jim Unknown 0-0: Ball
1-0: Called Strike
1-1: Ball
2-1: Ball
3-1: Base on Balls
Manuel González to second
Batting: RHB Kyle Wilson 0-0: Ball
1-0: Called Strike
1-1: Ground out 1-3 (Groundball, 15)
Top of the 3rd over - 6 run(s), 6 hit(s), 0 error(s), 3 left on base; Gryfindor 7 - Corpus Christi 5
BOTTOM OF THE 3RD
Corpus Christi Twins batting - Pitching for Gryfindor Braves : RHP Sandro So Payo
Batting: RHB Otso Tuulari 0-0: Foul Ball, location: 2F
0-1: SOLO HOME RUN (Line Drive, 7LD), Distance : 371 ft
Batting: RHB Chad Graham 0-0: Fly out, F7 (Popup, 7LS)
Batting: RHB Martín González 0-0: Ball
1-0: Ball
2-0: Swinging Strike
2-1: Swinging Strike
2-2: Strikes out swinging
Batting: RHB John Howell 0-0: Ball
1-0: Fly out, F4 (Popup, 4D)
Bottom of the 3rd over - 1 run(s), 1 hit(s), 0 error(s), 0 left on base; Gryfindor 7 - Corpus Christi 6
TOP OF THE 4TH
Gryfindor Braves batting - Pitching for Corpus Christi Twins : RHP Charlie Hall
Batting: LHB Jim Unknown 0-0: Ball
1-0: Swinging Strike
1-1: Ball
2-1: Foul Ball, location: 2F
2-2: Strikes out swinging
Batting: RHB José Casarreal 0-0: Called Strike
0-1: SOLO HOME RUN (Flyball, 7D), Distance : 393 ft
Batting: RHB Jim Unknown 0-0: Ball
1-0: Foul Ball, location: 2F
1-1: SINGLE (Line Drive, 56D)
Batting: RHB Jim Unknown 0-0: Ball
1-0: Called Strike
1-1: Grounds into double play, 6-4-3 (Groundball, 56)
Top of the 4th over - 1 run(s), 2 hit(s), 0 error(s), 0 left on base; Gryfindor 8 - Corpus Christi 6
BOTTOM OF THE 4TH
Corpus Christi Twins batting - Pitching for Gryfindor Braves : RHP Sandro So Payo
Batting: LHB Danny Scanlan 0-0: Called Strike
0-1: Swinging Strike
0-2: Ball
1-2: Strikes out swinging
Batting: RHB António Alvarado 0-0: SOLO HOME RUN (Flyball, 7D), Distance : 393 ft
Batting: LHB Juan Durán 0-0: Foul Ball, location: 2F
0-1: Ball
1-1: Called Strike
1-2: Ball
2-2: Ground out 6-3 (Groundball, 6)
Batting: RHB Wilbur Harris 0-0: Ball
1-0: Fly out, F2 (Popup, 2RF)
Bottom of the 4th over - 1 run(s), 1 hit(s), 0 error(s), 0 left on base; Gryfindor 8 - Corpus Christi 7
TOP OF THE 5TH
Gryfindor Braves batting - Pitching for Corpus Christi Twins : RHP Charlie Hall
Batting: RHB Jim Unknown 0-0: Fly out, F4 (Line Drive, 34D)
Batting: RHB Jim Unknown 0-0: Ball
1-0: Ball
2-0: Swinging Strike
2-1: Ball
3-1: Base on Balls
Batting: RHB Manuel González 0-0: Called Strike
0-1: Foul Ball, location: 2F
0-2: Ball
1-2: Strikes out swinging
Batting: RHB Jim Unknown 0-0: Called Strike
0-1: Swinging Strike
0-2: Foul Ball, location: 2F
0-2: Foul Ball, location: 2F
0-2: Ball
1-2: Foul Ball, location: 2F
1-2: Fly out, F6 (Line Drive, 56D)
Top of the 5th over - 0 run(s), 0 hit(s), 0 error(s), 1 left on base; Gryfindor 8 - Corpus Christi 7
BOTTOM OF THE 5TH
Corpus Christi Twins batting - Pitching for Gryfindor Braves : RHP Sandro So Payo
Batting: LHB Shane Paisley 0-0: Ball
1-0: Fly out, F9 (Flyball, 89M)
Batting: RHB Otso Tuulari 0-0: Ball
1-0: Ball
2-0: Called Strike
2-1: Foul Ball, location: 2F
2-2: Strikes out looking
Pitching: RHP Mike Pinhey
Batting: RHB Chad Graham 0-0: Called Strike
0-1: SINGLE (Groundball, 6D)
Batting: RHB Martín González 0-0: Ball
1-0: Foul Ball, location: 2F
1-1: Swinging Strike
1-2: Ball
2-2: Foul Ball, location: 2F
2-2: Strikes out swinging
Bottom of the 5th over - 0 run(s), 1 hit(s), 0 error(s), 1 left on base; Gryfindor 8 - Corpus Christi 7
TOP OF THE 6TH
Gryfindor Braves batting - Pitching for Corpus Christi Twins : RHP Charlie Hall
Batting: RHB Kyle Wilson 0-0: Called Strike
0-1: Ball
1-1: SOLO HOME RUN (Flyball, 9D), Distance : 377 ft
Pitching: LHP Peyton Leach
Batting: LHB Jim Unknown 0-0: Ball
1-0: Called Strike
1-1: Ball
2-1: Foul Ball, location: 2F
2-2: Ball
3-2: SINGLE (Groundball, 34D)
Pitching: RHP Dan Riggs
Batting: RHB José Casarreal 0-0: Ball
1-0: Ball
2-0: Swinging Strike
2-1: Foul Ball, location: 2F
2-2: Ball
3-2: Strikes out swinging
Jim Unknown steals 2nd base
Batter strikes out.
Batting: RHB Jim Unknown 0-0: Called Strike
0-1: Swinging Strike
0-2: Ball
1-2: Ball
2-2: Foul Ball, location: 2F
2-2: Foul Ball, location: 2F
2-2: Foul Ball, location: 2F
2-2: Fly out, F7 (Flyball, 7S)
Batting: RHB Jim Unknown 0-0: Ground out 5-3 (Groundball, 56)
Top of the 6th over - 1 run(s), 2 hit(s), 0 error(s), 1 left on base; Gryfindor 9 - Corpus Christi 7
BOTTOM OF THE 6TH
Corpus Christi Twins batting - Pitching for Gryfindor Braves : RHP Mike Pinhey
Batting: RHB John Howell 0-0: Ball
1-0: Ground out 6-3 (Groundball, 6M)
Batting: LHB Danny Scanlan 0-0: Ball
1-0: Swinging Strike
1-1: Fly out, F6 (Popup, 15)
Batting: RHB António Alvarado 0-0: Called Strike
0-1: Ball
1-1: SINGLE (Groundball, 34D)
Batting: LHB Juan Durán 0-0: Ball
1-0: Ball
2-0: Foul Ball, location: 2F
2-1: Ball
3-1: Base on Balls
António Alvarado to second
Batting: RHB Wilbur Harris 0-0: Fielders Choice at 2nd, U6 (Groundball, 6M)
Bottom of the 6th over - 0 run(s), 1 hit(s), 0 error(s), 2 left on base; Gryfindor 9 - Corpus Christi 7
TOP OF THE 7TH
Gryfindor Braves batting - Pitching for Corpus Christi Twins : RHP Dan Riggs
Batting: RHB Jim Unknown 0-0: Ball
1-0: Called Strike
1-1: Ground out 6-3 (Groundball, 6M)
Batting: RHB Jim Unknown 0-0: Ball
1-0: Ball
2-0: Called Strike
2-1: Ground out 4-3 (Groundball, 4)
Batting: RHB Manuel González 0-0: Ball
1-0: Foul Ball, location: 2F
1-1: Called Strike
1-2: Foul Ball, location: 2F
1-2: Ball
2-2: Fly out, F9 (Flyball, 9M)
Top of the 7th over - 0 run(s), 0 hit(s), 0 error(s), 0 left on base; Gryfindor 9 - Corpus Christi 7
BOTTOM OF THE 7TH
Corpus Christi Twins batting - Pitching for Gryfindor Braves : RHP Mike Pinhey
Batting: LHB Shane Paisley 0-0: Swinging Strike
0-1: Foul Ball, location: 2F
0-2: Ball
1-2: Ball
2-2: Ball
3-2: Strikes out swinging
Batting: RHB Otso Tuulari 0-0: Called Strike
0-1: Swinging Strike
0-2: Ball
1-2: DOUBLE (Line Drive, 7LS)
Batting: RHB Chad Graham 0-0: Ball
1-0: Ball
2-0: Called Strike
2-1: Foul Ball, location: 2F
2-2: Ball
3-2: Base on Balls
Batting: RHB Martín González 0-0: Swinging Strike
0-1: Ball
1-1: Called Strike
1-2: Ball
2-2: Ball
3-2: SINGLE (Line Drive, 6D)
Otso Tuulari to third
Chad Graham to second
Pinch Hitting: RHB Dale Carney 0-0: Ball
1-0: Called Strike
1-1: Ball
2-1: Foul Ball, location: 2F
2-2: Ball
3-2: Base on Balls
Otso Tuulari scores
Chad Graham to third
Martín González to second
Batting: LHB Danny Scanlan 0-0: Called Strike
0-1: Fly out, F5 (Popup, 56S)
Batting: RHB António Alvarado 0-0: Ball
1-0: Called Strike
1-1: Swinging Strike
1-2: Ball
2-2: Ground out 1-3 (Groundball, 13S)
Bottom of the 7th over - 1 run(s), 2 hit(s), 0 error(s), 3 left on base; Gryfindor 9 - Corpus Christi 8
TOP OF THE 8TH
Gryfindor Braves batting - Pitching for Corpus Christi Twins : RHP Dan Riggs
Pitching: LHP Ricardo Betancourt
Now at 2B: Melvin Baldwin
Batting: RHB Jim Unknown 0-0: Called Strike
0-1: Ball
1-1: Ball
2-1: Ball
3-1: Base on Balls
Batting: RHB Kyle Wilson 0-0: Ball
1-0: Called Strike
1-1: Foul Ball, location: 2F
1-2: Ball
Wild Pitch!
Jim Unknown to second
2-2: Ball
3-2: Intentional Walk
Batting: LHB Jim Unknown 0-0: Ball
1-0: Called Strike
1-1: Foul Ball, location: 2F
1-2: Foul Ball, location: 2F
1-2: Strikes out looking
Batting: RHB José Casarreal 0-0: Foul Ball, location: 2F
0-1: SINGLE (Groundball, 23) (infield hit)
Jim Unknown to third
Kyle Wilson to second
Batting: RHB Jim Unknown 0-0: Ball
1-0: Ball
2-0: Ball
3-0: Called Strike
3-1: Fly out, F7 (Flyball, 7M)
Runner from 3rd tags up, SCORES, throw made
Batting: RHB Jim Unknown 0-0: Called Strike
0-1: Fly out, F9 (Flyball, 9D)
Top of the 8th over - 1 run(s), 1 hit(s), 0 error(s), 2 left on base; Gryfindor 10 - Corpus Christi 8
BOTTOM OF THE 8TH
Corpus Christi Twins batting - Pitching for Gryfindor Braves : RHP Mike Pinhey
Pitching: RHP Joe Benítez
Batting: LHB Juan Durán 0-0: Called Strike
0-1: Called Strike
0-2: Ball
1-2: Strikes out looking
Batting: RHB Wilbur Harris 0-0: Ball
1-0: Called Strike
1-1: Ball
2-1: Ball
3-1: Base on Balls
Pitching: RHP Dale West
Batting: LHB Shane Paisley 0-0: Swinging Strike
0-1: Ball
1-1: Ball
2-1: Swinging Strike
2-2: Strikes out looking
Batting: RHB Otso Tuulari 0-0: Called Strike
0-1: Ball
1-1: DOUBLE (Groundball, 5L)
Wilbur Harris to third
Batting: RHB Chad Graham 0-0: Ball
1-0: Called Strike
1-1: Called Strike
1-2: Foul Ball, location: 2F
1-2: Ball
2-2: SINGLE (Line Drive, 3D)
Wilbur Harris scores
Otso Tuulari to third
Batting: RHB Martín González 0-0: Foul Ball, location: 2F
0-1: Called Strike
0-2: Strikes out looking
Bottom of the 8th over - 1 run(s), 2 hit(s), 0 error(s), 2 left on base; Gryfindor 10 - Corpus Christi 9
TOP OF THE 9TH
Gryfindor Braves batting - Pitching for Corpus Christi Twins : LHP Ricardo Betancourt
Pitching: RHP Reynaldo Díaz
Batting: RHB Jim Unknown 0-0: Called Strike
0-1: Ball
1-1: Ball
2-1: SINGLE (Groundball, 13) (infield hit)
Batting: RHB Jim Unknown 0-0: Swinging Strike
0-1: Ball
1-1: 2-RUN HOME RUN (Flyball, 78XD), Distance : 416 ft
Batting: RHB Manuel González 0-0: Fly out, F7 (Line Drive, 7M)
Batting: RHB Jim Unknown 0-0: Called Strike
0-1: Fly out, F8 (Line Drive, 8RM)
Batting: RHB Kyle Wilson 0-0: Called Strike
0-1: Foul Ball, location: 2F
0-2: Strikes out swinging
Top of the 9th over - 2 run(s), 2 hit(s), 0 error(s), 0 left on base; Gryfindor 12 - Corpus Christi 9
BOTTOM OF THE 9TH
Corpus Christi Twins batting - Pitching for Gryfindor Braves : RHP Dale West
Pitching: RHP Bill Wilson
Batting: RHB Melvin Baldwin 0-0: Ball
1-0: Ball
2-0: Foul Ball, location: 2F
2-1: SINGLE (Groundball, 4MD)
Batting: LHB Danny Scanlan 0-0: Called Strike
0-1: Ball
1-1: Ball
2-1: Foul Ball, location: 2F
2-2: Strikes out swinging
Batting: RHB António Alvarado 0-0: Called Strike
0-1: Ball
1-1: Ball
2-1: SINGLE (Line Drive, 8LS)
Melvin Baldwin to second
Batting: LHB Juan Durán 0-0: Called Strike
0-1: Foul Ball, location: 2F
0-2: Strikes out looking
Pinch Hitting: LHB Ken Wiley 0-0: Ball
1-0: Ball
2-0: Called Strike
2-1: SINGLE (Groundball, 34D)
Melvin Baldwin to third
António Alvarado to second
Runner from 3rd tries for Home, SAFE, no throw or cutoff
Batting: LHB Shane Paisley 0-0: Called Strike
0-1: Ball
1-1: Foul Ball, location: 2F
1-2: Ball
2-2: Ground out 4-3 (Groundball, 4)
Bottom of the 9th over - 1 run(s), 3 hit(s), 0 error(s), 2 left on base; Gryfindor 12 - Corpus Christi 10
This league is powered by Out of the Park Baseball, the baseball management simulation game for PC, Mac and Linux
Saturday, February 27th, 2021 - OOTP Baseball 15.6 Build 34